Map: Corrosion EC

Players

Elazer

  • Race: Zerg Zerg
  • Spawn Location: 11:00

ShaDoWn - Winner!

  • Race: Protoss Protoss
  • Spawn Location: 5:00

Event: WCS Valencia 2018

VOD

Have the link to the VOD?

Description

Time

  • Played on: July 12, 2018, 10:10 a.m.
  • Length: 6:55

All games in this series

Show
View Real Time Build Order
Export as new Build Order

Elazer Zerg 

Build Orders: Hatch First, Ravager All-In 

Get SALT Encoding   

  12  0:00  Drone  
  13  0:12  Overlord  
  13  0:17  Drone  
  14  0:30  Drone x2  
  16  0:47  Hatchery  
  15  0:51  Drone  
  15  0:54  Drone  
  17  0:59  Drone  
  18  1:08  Extractor  
  17  1:16  Spawning Pool  
  16  1:19  Drone  
  17  1:25  Drone  
  18  1:33  Drone  
  19  1:47  Drone  
  19  1:52  Extractor, Drone  
  21  2:00  Hatchery  
  20  2:02  Zergling x2  
  21  2:09  Roach Warren, Queen  
  21  2:15  Overlord  
  21  2:33  Overlord  
  21  2:49  Roach x2  
  25  2:54  Roach  
  25  2:55  Metabolic Boost  
  29  3:05  Roach  
  29  3:09  Ravager  
  29  3:10  Ravager  
  31  3:16  Roach  
  31  3:18  Roach x2  
  37  3:24  Overlord  
  37  3:31  Roach  
  39  3:36  Ravager  
  39  3:40  Drone  
  41  3:50  Drone x2  
  43  3:56  Roach  
  42  4:08  Ravager x2  
  44  4:10  Roach  
  44  4:13  Queen  
  46  4:24  Roach  
  46  4:25  Roach  
  50  4:34  Zergling x4  
  52  4:46  Overlord  
  52  5:00  Overlord  
  52  5:05  Ravager x2  
  54  5:08  Overlord  
  55  5:21  Zergling x2  
  51  5:30  Ravager  
  50  5:35  Zergling x2  
  50  5:36  Zergling x4  
  50  5:38  Roach  
  52  5:53  Roach  
  48  6:00  Roach  
  45  6:15  Roach  
  42  6:23  Roach  
  42  6:34  Roach  
Show
View Real Time Build Order
Export as new Build Order

ShaDoWn Protoss - Winner!

Build Orders:  

Get SALT Encoding   

  12  0:00  Probe  
  13  0:12  Probe  
  14  0:20  Pylon  
  14  0:25  Probe  
  15  0:34  Probe  
  15  0:42  Probe  
  16  0:45  Forge  
  17  0:52  Pylon  
  17  0:53  Probe  
  18  1:21  Probe  
  18  1:22  Photon Cannon  
  18  1:23  Gateway  
  19  1:28  Assimilator  
  19  1:30  Probe, Assimilator  
  20  1:40  Probe  
  21  1:47  Photon Cannon  
  21  1:52  Probe  
  22  2:05  Probe  
  23  2:16  Cybernetics Core  
  23  2:17  Probe  
  24  2:26  Pylon  
  24  2:27  Pylon  
  24  2:39  Pylon  
  24  2:52  Robotics Facility  
  24  2:57  Photon Cannon  
  24  3:00  Photon Cannon  
  24  3:05  Photon Cannon  
  24  3:07  Shield Battery  
  24  3:14  Adept  
  24  3:18  Photon Cannon  
  26  3:27  Photon Cannon  
  26  3:31  Immortal  
  26  3:36  Pylon  
  30  3:50  Stalker  
  30  3:58  Shield Battery  
  30  4:09  Immortal  
  31  4:12  Shield Battery  
  34  4:26  Pylon  
  29  5:05  Warp Prism  
  28  5:38  Probe  
  29  5:47  Pylon  
  29  5:59  Probe  
  34  6:19  Pylon  
  34  6:31  Pylon  
  34  6:37  Probe, Pylon  
Tags
 
Add a new tag
Caveats
  • Supply blocks, unpowered buildings, or Contaminate may cause inaccurate times.
  • Supply counts are checked every 10 seconds.